[Event "Early-Titled-Tuesday-Blitz-February-13-2024"]
[Site "Chess.com"]
[Date "2024.02.13"]
[Round "1"]
[White "MikeSailer"]
[Black "JeFumeDesClopes"]
[Result "0-1"]
[WhiteElo "2169"]
[BlackElo "2586"]
[TimeControl "180+1"]
[EndTime "8:07:58 PST"]
[Termination "JeFumeDesClopes won by resignation"]

1. d4 Nf6 2. Nf3 e6 3. Bf4 b6 4. e3 Bb7 5. Bd3 Bd6 6. Bg5 h6 7. Bh4 c5 8. Nbd2 cxd4 9. exd4 Nc6 10. c3 Be7 11. O-O O-O 12. Re1 d6 13. a4 a6 14.
Nc4 Nd5 15. Bg3 b5 16. Ne3 Nxe3 17. fxe3 Qb6 18. axb5 axb5 19. Qb3 b4 20. c4 Na5 21.
Qc2 b3 22. Qc3 Rfc8 23. Ra4 Nc6 24. Rea1 Rxa4 25. Rxa4 Ra8 26. Rxa8+ Bxa8 27. Nd2 Na5 28. Bf2 Bc6 29. e4 d5 30. c5 Qa7 31. e5 Bg5 32.
Nxb3 Nxb3 33. Qxb3 Qa1+ 34. Bf1 Qc1 35. g3 h5 36. Kg2 g6 37. Qc3 Qxc3 38. bxc3 Bd2 39. c4 dxc4+ 40. Kg1 Bd5 41. g4 hxg4 42. c6 Ba5 43.
Be1 Bxe1 44. c7 Bb7 45. Bxc4 Bc3 46. d5 exd5 47. Bxd5 Bc8 48. e6 fxe6 49. Be4 Kf7 50. Kf2 Be5 51. h3 gxh3 0-1

[Event "Early-Titled-Tuesday-Blitz-February-13-2024"]
[Site "Chess.com"]
[Date "2024.02.13"]
[Round "1"]
[White "Ready4abattle"]
[Black "sergeikim"]
[Result "0-1"]
[WhiteElo "2248"]
[BlackElo "2611"]
[TimeControl "180+1"]
[EndTime "8:07:59 PST"]
[Termination "sergeikim won on time"]

1. e4 e5 2. Nf3 Nc6 3. Bc4 Bc5 4.
b4 Bxb4 5. c3 Ba5 6. Qb3 Qe7 7.
d4 Bb6 8. O-O Na5 9. Qa4 Nxc4 10.
Qxc4 d6 11. a4 a6 12. a5 Ba7 13. dxe5 Be6 14. Qa4+ Bd7 15. Qb3 Bc6 16. Nbd2 O-O-O 17. Ba3 Qe6 18. Qxe6+ fxe6 19. exd6 cxd6 20. Ng5 Nh6 21. Nxe6 Rd7 22. Nc4 Bxe4 23. Nxd6+ Rxd6 24. Bxd6 Nf5 25. Bc5 Bb8 26. Rfe1 Bc6 27. Rad1 Rg8 28.
Bb6 Nh4 29. f3 Nf5 30. Kf2 Bxh2 31. Rh1 Bg3+ 32. Kg1 h6 33. Nd4 Nxd4 34. cxd4 Kd7 35. d5 Bb5 36. Rh3 Bd6 37. Rh4 Rc8 38. Rg4 g5 39. Rd2 Bf4 40. Rb2 h5 41. Rxf4 gxf4 42. Kf2 Rc4 43. g3 fxg3+ 44. Kxg3 h4+ 45. Kh3 Rc3 46. Kg4 Rd3 47. Rh2 Rxd5 48. Rxh4 Bd3 49. Rh6 Bf5+ 50. Kf4 Be6 51. Rh7+ Kc6 52. Ke4 Bf5+ 0-1

[Event "Early-Titled-Tuesday-Blitz-February-13-2024"]
[Site "Chess.com"]
[Date "2024.02.13"]
[Round "1"]
[White "Kostukov_Alex"]
[Black "blank0923"]
[Result "0-1"]
[WhiteElo "2236"]
[BlackElo "2607"]
[TimeControl "180+1"]
[EndTime "8:07:59 PST"]
[Termination "blank0923 won on time"]

1. g3 e5 2. Bg2 d5 3. c4 Nf6 4.
cxd5 Nxd5 5. Nc3 Nb6 6. Nf3 Nc6 7. O-O Be7 8. a4 a5 9. d3 O-O 10. Be3 Re8 11. d4 Nc4 12. dxe5 Nxe3 13. fxe3 Bc5 14. Nd5 Be6 15. Nf4 Bxe3+ 16. Kh1 Bc4 17. Qc2 Be6 18.
Rad1 Qe7 19. Qe4 Bb6 20. e3 Rad8 21. Nd4 Bc4 22. Nxc6 bxc6 23. Rxd8 Qxd8 24. Qxc4 Rxe5 25. Ng6 hxg6 26. Qxf7+ Kh7 27. h4 Bxe3 28. Bxc6 Qe7 29. Bg2 Qxf7 30. Rxf7 Bb6 31. b3 Re3 32. Bd5 Rxg3 33.
Rf4 Rg1+ 34. Kh2 Rd1 35. Bc4 Rd2+ 36. Kh3 Bd4 37. Kg4 Be5 38. Re4 Bf6 39. Kf3 Rh2 40. Kg3 Rh1 41. Rg4 Rg1+ 42. Kf3 Rc1 43. Bd3 Rc3 44.
Ke2 Rxb3 45. Bxg6+ Kg8 46. Be4 Kf8 47. Bd5 Rb2+ 48.
Kd3 Rh2 0-1

[Event "Early-Titled-Tuesday-Blitz-February-13-2024"]
[Site "Chess.com"]
[Date "2024.02.13"]
[Round "1"]
[White "tandaleo"]
[Black "Njal28"]
[Result "0-1"]
[WhiteElo "2532"]
[BlackElo "2994"]
[TimeControl "180+1"]
[EndTime "8:08:02 PST"]
[Termination "Njal28 won by resignation"]

1. d4 Nf6 2. Nf3 d5 3. c4 e6 4. g3 Be7 5. Bg2 O-O 6. O-O dxc4 7. Qc2 a6 8. a4 Bd7 9. Qxc4 Bc6 10. Bg5 Nbd7 11.
Nc3 a5 12. Rfd1 Ra6 13. Bxf6 Nxf6 14. Ne5 Bxg2 15. Kxg2 Rb6 16. Rd2 Rb4 17. Qd3 c6 18.
Rad1 Nd5 19. Qc2 Bg5 20. Rd3 Bf6 21. e4 Nb6 22. b3 Nd7 23. Na2 Rb6 24. Nc4 Ra6 25. Nc3 Nb6 26. Ne3 Qc7 27. Ne2 Rc8 28.
Rc1 Qd8 29. Qd1 Raa8 30. Rc5 Nd7 31. Rc2 Nf8 32. h4 Qb6 33. d5 cxd5 34. Rxc8 Rxc8 35.
exd5 exd5 36. Nxd5 Qc6 37. Kh2 Re8 38. Nef4 Be5 39.
Qf3 Bxf4 40. Qxf4 Qc2 41. Rd2 Qc6 42. Qg4 Ng6 43. Qf3 Ne5 44. Qf4 h6 45. h5 Qe6 46.
Kg2 Qc6 47. Kh2 Qc1 48. Re2 Qxf4 49. gxf4 Nf3+ 50. Kg3 Rxe2 51. Kxf3 Rb2 0-1

[Event "Early-Titled-Tuesday-Blitz-February-13-2024"]
[Site "Chess.com"]
[Date "2024.02.13"]
[Round "1"]
[White "Sokoloco"]
[Black "MIss_MIaMI"]
[Result "1-0"]
[WhiteElo "2764"]
[BlackElo "2425"]
[TimeControl "180+1"]
[EndTime "8:08:02 PST"]
[Termination "Sokoloco won by checkmate"]

1. b3 c5 2. Bb2 e6 3. e3 Nf6 4. d4 cxd4 5. exd4 Nc6 6. Nf3 Be7 7.
Bd3 O-O 8. O-O h6 9. Nbd2 d5 10.
c4 b6 11. Rc1 Bb7 12. Qe2 Rc8 13. Rfd1 Qc7 14. Ne5 Qb8 15. cxd5 Nxe5 16. dxe5 Nxd5 17.
Qg4 Rxc1 18. Rxc1 Bg5 19. Rd1 Nf4 20. Bf1 Rd8 21. Nc4 Rxd1 22. Qxd1 Ng6 23. g3 Bd5 24. h4 Be7 25. Ne3 Be4 26. Qd4 Ba8 27. b4 Qb7 28. Bg2 Qb8 29. h5 Nf8 30. Bf1 a5 31. a3 axb4 32. axb4 Qb7 33. Bg2 Qb8 34.
Bxa8 Qxa8 35. Qxb6 Qa2 36. Qd4 Qb1+ 37. Kg2 Qe1 38.
Qc3 Qb1 39. Qd4 Kh7 40. b5 Qe1 41. b6 Qa5 42. Qd3+ Kg8 43. Qb3 Qa8+ 44. b7 Qb8 45. Bd4 Nd7 46. Nc4 Bd8 47. Qb5 Qc7 48. Ba7 Nb8 49. Na5 Qxa5 50. Qxa5 Bxa5 51. Bxb8 Kf8 52. Bd6+ Ke8 53. b8=Q+ Kd7 54. Qa7+ Kc6 55. Qxa5 f6 56. Qc7+ Kd5 57. Qc5+ Ke4 58. g4 Kf4 59.
Kh3 fxe5 60. Qe3# 1-0

[Event "Early-Titled-Tuesday-Blitz-February-13-2024"]
[Site "Chess.com"]
[Date "2024.02.13"]
[Round "1"]
[White "DamianoLew95"]
[Black "Matols"]
[Result "1-0"]
[WhiteElo "2722"]
[BlackElo "2394"]
[TimeControl "180+1"]
[EndTime "8:08:02 PST"]
[Termination "DamianoLew95 won on time"]

1. e4 c6 2. Nf3 d5 3. d3 Bg4 4. h3 Bxf3 5. Qxf3 e6 6. Be2 Nf6 7. Nd2 Be7 8. O-O Nbd7 9. Re1 O-O 10.
d4 dxe4 11. Nxe4 Nxe4 12. Qxe4 Nf6 13. Qd3 c5 14. dxc5 Bxc5 15. Qxd8 Rfxd8 16. Bf3 Nd5 17. c4 Nb4 18. Bxb7 Nc2 19. Bf4 Nxa1 20. Bxa8 Rxa8 21.
Rxa1 Bd4 22. Rb1 e5 23. Be3 Bxe3 24. fxe3 a5 25. Kf2 f6 26. Rd1 Ra7 27. Rd8+ Kf7 28.
Rb8 Ke6 29. Ke2 Kd6 30. Kd3 Kc5 31. Kc3 f5 32. Rd8 f4 33. Rd5+ Kc6 34. Rxe5 fxe3 35.
Rxe3 Rf7 36. Rf3 Re7 37. Rg3 g6 38. a3 a4 39. Rd3 Re2 40. Rd2 Re4 41. Kb4 h6 42.
Rc2 g5 43. Kxa4 g4 44. hxg4 Rxg4 45. Kb4 h5 46. Rf2 h4 47. b3 Rg3 48. Rf6+ Kc7 49.
Rh6 Rxg2 50. Rxh4 Rg5 51. Rh6 Rg3 52. a4 Rf3 53. a5 Rg3 54. Ka4 Kb7 55. b4 Rg1 56.
Rh7+ Ka8 57. Kb5 1-0

[Event "Early-Titled-Tuesday-Blitz-February-13-2024"]
[Site "Chess.com"]
[Date "2024.02.13"]
[Round "1"]
[White "rachidhuilda"]
[Black "FREDERICKtheMATE"]
[Result "1/2-1/2"]
[WhiteElo "2322"]
[BlackElo "2644"]
[TimeControl "180+1"]
[EndTime "8:08:02 PST"]
[Termination "Game drawn - insufficient material"]

1. d4 Nf6 2. Nf3 d5 3. Bf4 c5 4.
e3 Nc6 5. Nbd2 Bf5 6. Bb5 e6 7. Ne5 Rc8 8. c3 Qb6 9. Qa4 a6 10. Bxc6+ bxc6 11. Qb3 Qb5 12. a4 Qxb3 13. Nxb3 c4 14.
Na5 c5 15. O-O Nh5 16. f3 Nxf4 17. exf4 h6 18. g4 Bh7 19. Rfe1 f6 20. Nec6 Kd7 21. Kg2 Bd6 22. f5 exf5 23. dxc5 Bxc5 24. Rad1 Bg8 25. Nd4 fxg4 26. fxg4 Bb6 27. Nac6 Bc5 28. Na5 Bf7 29. Nb7 Bb6 30. a5 Ba7 31. Nf5 Rhe8 32. Nbd6 Rxe1 33. Rxe1 Rc7 34. Nxf7 Kc6 35. Re7 Bc5 36. Rxc7+ Kxc7 37. h4 g6 38. N5xh6 Kd7 39. Kf3 Ke7 40. g5 d4 41.
gxf6+ Kxf6 42. cxd4 Bxd4 43. Nd6 Bxb2 44. Nxc4 Bc3 45.
Ng4+ Kf5 46. Nge3+ Ke6 47. Ke4 Be1 48. Ng4 Bxh4 49.
Nce3 Bd8 50. Nc4 g5 51. Nge3 Bc7 52. Nd5 Bd6 53. Nde3 Bb4 54. Nf5 g4 55. Nfe3 g3 56.
Kf3 Be1 57. Ke2 Bf2 58. Kf3 Kd7 59. Nd1 Be1 60. Nce3 Kc6 61. Nf5 Kb5 62. Nxg3 Bxa5 63. Ne4 Kc4 64. Ke2 Kb3 65. Nef2 Bb6 66. Nd3 a5 67. N1b2 Bd4 68. Nd1 a4 69. Kd2 Bg7 70. Nc1+ Ka3 71. Kc2 Bh6 72. Nd3 Bg7 73. Nc3 Bxc3 74.
Kxc3 Ka2 75. Nb4+ Kb1 76. Nc2 Kc1 77. Kb4 Kd1 78. Kxa4 1/2-1/2

[Event "Early-Titled-Tuesday-Blitz-February-13-2024"]
[Site "Chess.com"]
[Date "2024.02.13"]
[Round "1"]
[White "Nechitaylo_Nikita"]
[Black "MKlose11"]
[Result "0-1"]
[WhiteElo "2299"]
[BlackElo "2644"]
[TimeControl "180+1"]
[EndTime "8:08:06 PST"]
[Termination "MKlose11 won by checkmate"]

1. d4 Nf6 2. c4 c5 3. d5 b5 4.
cxb5 a6 5. bxa6 Bxa6 6. Nc3 d6 7. e4 Bxf1 8. Kxf1 g6 9. Nf3 Bg7 10.
g3 O-O 11. Kg2 Nbd7 12. a4 Ne8 13. Nd2 Nc7 14. Nc4 Qb8 15. Ra3 Qa7 16. Bg5 Rfe8 17. Qc2 Nb6 18. Nb5 Qb7 19. Nxc7 Qxc7 20. Nxb6 Qxb6 21. b3 Ra7 22. Bd2 Rb8 23. Qc4 Bb2 24.
Ra2 Qxb3 25. Qxb3 Rxb3 26. Rb1 Rab7 27. a5 Bd4 28. Rxb3 Rxb3 29. a6 Rb8 30. a7 Ra8 31.
Kf3 f5 32. exf5 gxf5 33. Ra6 Kf7 34. Ke2 Kf6 35. Kd3 Ke5 36. Ba5 Kxd5 37. Bc7 c4+ 38.
Kd2 Rxa7 39. Rxa7 Bxa7 40. Bd8 e5 41. Be7 Bxf2 42. Bf8 Bg1 43. h4 Bf2 44. g4 Bxh4 45. gxf5 Ke4 46. Bg7 Kxf5 47. Bf8 d5 48. Bc5 d4 49.
Kc2 Ke4 50. Kd2 Bf2 51. Kd1 Be3 52. Ke2 d3+ 53. Kd1 Bxc5 54. Kd2 Bb4+ 55. Kd1 c3 56. Kc1 Ba3+ 57. Kd1 c2+ 58. Ke1 c1=Q+ 59. Kf2 Qe3+ 60.
Kg2 d2 61. Kh2 d1=Q 62. Kg2 Qdd2+ 63. Kf1 Qee1# 0-1

[Event "Early-Titled-Tuesday-Blitz-February-13-2024"]
[Site "Chess.com"]
[Date "2024.02.13"]
[Round "1"]
[White "sokidze"]
[Black "elchacal664"]
[Result "1-0"]
[WhiteElo "2838"]
[BlackElo "2468"]
[TimeControl "180+1"]
[EndTime "8:08:07 PST"]
[Termination "sokidze won by resignation"]

1. d4 d5 2. c4 dxc4 3. Nf3 Nf6 4. e3 e6 5. Bxc4 c5 6. O-O cxd4 7. exd4 Be7 8. Nc3 O-O 9. Re1 Nbd7 10. Bg5 Nb6 11. Bd3 Nbd5 12. Ne5 h6 13. Nxd5 Nxd5 14. Bxe7 Qxe7 15.
Bc2 g6 16. Qg4 Nf6 17. Qh4 Kg7 18. Rad1 Nd5 19. Qg4 Qg5 20. Qe4 b6 21. Rd3 f5 22.
Qf3 Bb7 23. Qd1 f4 24. Rf3 Rae8 25. Bxg6 Rd8 26. Be4 Ba8 27. Rh3 Nf6 28. Bxa8 Rxa8 29. Rc3 Rad8 30. Rc7+ Kh8 31. Qd3 Kg8 32. Ng6 Rf7 33.
Rxf7 Kxf7 34. Ne5+ Kg8 35. Nf3 Qg7 36. Rxe6 Kh8 37.
Qf5 Ng8 38. Qe5 Rc8 39. h3 Rc2 40. Qxg7+ Kxg7 41. d5 Kf7 42. Ne5+ Kf8 43. d6 Rxb2 44. d7 Rd2 45. Re8+ Kg7 46. d8=Q Rxd8 47. Rxd8 Nf6 48. Ra8 a6 49. Rxa6 1-0

[Event "Early-Titled-Tuesday-Blitz-February-13-2024"]
[Site "Chess.com"]
[Date "2024.02.13"]
[Round "1"]
[White "Defenstrator"]
[Black "TregubovP"]
[Result "0-1"]
[WhiteElo "2352"]
[BlackElo "2682"]
[TimeControl "180+1"]
[EndTime "8:08:07 PST"]
[Termination "TregubovP won by resignation"]

1. d4 Nf6 2. f3 d5 3. e4 dxe4 4. Nc3 e5 5. dxe5 Qxd1+ 6. Kxd1 Nfd7 7. f4 Nc5 8. Be3 Nc6 9. Bxc5 Bxc5 10. Nxe4 Bxg1 11.
Rxg1 Bg4+ 12. Ke1 O-O-O 13. Bd3 Nb4 14. Nf2 Nxd3+ 15. Nxd3 Bf5 16. Ke2 Rd4 17. g3 Rhd8 18. h3 h5 19. Rad1 Bxh3 20. Nf2 Bf5 21. c3 Rxd1 22.
Rxd1 Rxd1 23. Kxd1 Kd7 24. Ke2 Ke6 25. Ke3 c5 26. c4 f6 27. exf6 Kxf6 28. Ne4+ Bxe4 29. Kxe4 g5 30. fxg5+ Kxg5 31. Kf3 Kf5 32. a3 a6 33. b3 b6 34. b4 cxb4 35. axb4 Ke5 36.
Ke3 Kd6 37. Kd4 Kc6 38. Kd3 a5 39. Kc3 Kd6 40. c5+ Kc6 41. cxb6 a4 42. Kc4 Kxb6 43. b5 a3 44. Kb3 Kxb5 45. Kxa3 Kc4 46. Kb2 Kd3 47. Kc1 Ke2 48. Kc2 Kf3 49. Kd2 Kxg3 50. Ke2 Kg2 51. Ke3 h4 52. Ke2 h3 0-1

[Event "Early-Titled-Tuesday-Blitz-February-13-2024"]
[Site "Chess.com"]
[Date "2024.02.13"]
[Round "1"]
[White "GlavkonVVS"]
[Black "bolwin"]
[Result "0-1"]
[WhiteElo "2600"]
[BlackElo "2272"]
[TimeControl "180+1"]
[EndTime "8:08:07 PST"]
[Termination "bolwin won by checkmate"]

1. c4 Nf6 2. Nc3 e5 3. g3 Nc6 4.
Bg2 Bc5 5. e3 d6 6. Nge2 O-O 7. d4 Bb6 8. h3 Re8 9. O-O exd4 10.
exd4 Bf5 11. g4 Bg6 12. Bg5 h6 13. Bh4 Bh7 14. f4 g5 15. fxg5 Ne4 16. Rxf7 hxg5 17. Rxh7 Nxc3 18. bxc3 Kxh7 19. Qd3+ Kg7 20. Ng3 gxh4 21.
Nf5+ Kh8 22. Qd2 Qf6 23. Rf1 Ne5 24. g5 Nxc4 25. Qf4 Qg6 26. Qxh4+ Qh7 27. Nh6 Rf8 28. Rf6 Ne3 29. Be4 Rxf6 30. gxf6 Rg8+ 31. Nxg8 Qxh4 32. f7 Qg3+ 33. Kh1 Qf4 34. Ne7 Qxf7 35. Ng6+ Kg7 36. Nh4 Qf4 37. Bxb7 Qxh4 38. Kh2 Qf2+ 39. Kh1 Qg3 40. a4 Nf1 41. Bg2 Qh2# 0-1

[Event "Early-Titled-Tuesday-Blitz-February-13-2024"]
[Site "Chess.com"]
[Date "2024.02.13"]
[Round "1"]
[White "Chandradi"]
[Black "Vaathi_Coming"]
[Result "1-0"]
[WhiteElo "2522"]
[BlackElo "2903"]
[TimeControl "180+1"]
[EndTime "8:08:08 PST"]
[Termination "Chandradi won on time"]

1. c4 e6 2. g3 d5 3. Bg2 dxc4 4. Qa4+ Bd7 5. Qxc4 Bc6 6. Nf3 Nf6 7. O-O Be7 8.
b3 O-O 9. Bb2 a5 10. a3 Nbd7 11.
d3 a4 12. b4 Bd5 13. Qc2 c5 14. bxc5 Nxc5 15. Nbd2 Rc8 16. Qd1 Nb3 17. Rb1 b5 18. e4 Nxd2 19. Qxd2 Bb3 20. Nd4 Bxa3 21. Nxb3 Bxb2 22. Rxb2 axb3 23. Rxb3 Qd7 24. Rfb1 Rfd8 25. e5 Ng4 26. Qf4 Nh6 27. Be4 Rb8 28. g4 Kh8 29.
Rc1 Ng8 30. Bc6 Qd4 31. Qxd4 Rxd4 32. Rxb5 Rxg4+ 33. Kf1 Rc8 34. Rbc5 g6 35. Be4 Rxc5 36. Rxc5 Kg7 37. f3 Rg5 38. d4 Ne7 39. Rc7 Nf5 40. Rd7 Kf8 41. Kf2 Rh5 42. Bxf5 Rxf5 43. Kg3 Rg5+ 44. Kf2 Kg7 45. f4 Rh5 46. Kg3 Kf8 47. h4 Rf5 48. d5 exd5 49. Rxd5 Kg7 50. Rd6 h6 51. Kg4 Rh5 52. Rf6 1-0

[Event "Early-Titled-Tuesday-Blitz-February-13-2024"]
[Site "Chess.com"]
[Date "2024.02.13"]
[Round "1"]
[White "Yurovskykh_Oleksandr"]
[Black "EdmundPlayer"]
[Result "1-0"]
[WhiteElo "2647"]
[BlackElo "2301"]
[TimeControl "180+1"]
[EndTime "8:08:08 PST"]
[Termination "Yurovskykh_Oleksandr won by resignation"]

1. d4 Nf6 2. Nf3 d5 3. c3 c5 4. Bf4 Nc6 5. e3 Qb6 6. Qc2 Bf5 7. dxc5 Bxc2 8. cxb6 axb6 9. Na3 Bf5 10. Nb5 Kd7 11. a3 e6 12. Be2 Ne4 13. Nh4 Bg6 14. Nxg6 hxg6 15. O-O g5 16. Bc7 Bc5 17. b4 Be7 18.
Bxb6 Ra6 19. Bc7 Rc8 20. Bg3 Ra4 21. Rfc1 Bf6 22. f3 Nxg3 23. hxg3 Rca8 24. Bd1 R4a6 25.
a4 Rb6 26. Be2 Rba6 27. a5 b6 28. Nd4 Bxd4 29. cxd4 R6a7 30. Bb5 Rc8 31. Rxc6 Rxc6 32. Rc1 Rc7 33. axb6 Kd6 34. Rxc6+ Rxc6 35. Bxc6 Kxc6 36. Kf2 Kxb6 37. Ke2 Kb5 38. Kd3 Kxb4 39. Kd2 Kb3 40. g4 f6 41. Kd3 Kb2 42. Kd2 f5 43. gxf5 exf5 44. g4 g6 45. Kd3 Kb3 46. e4 fxe4+ 47. fxe4 dxe4+ 48. Kxe4 Kc4 49. d5 Kc5 50. Ke5 Kc4 51.
d6 Kd3 52. d7 Ke3 53. d8=Q Kf3 54. Qxg5 1-0

[Event "Early-Titled-Tuesday-Blitz-February-13-2024"]
[Site "Chess.com"]
[Date "2024.02.13"]
[Round "1"]
[White "klimkoj"]
[Black "secretsuperstar7"]
[Result "1-0"]
[WhiteElo "2944"]
[BlackElo "2513"]
[TimeControl "180+1"]
[EndTime "8:08:09 PST"]
[Termination "klimkoj won by checkmate"]

1. c4 c5 2. Nf3 Nf6 3. Nc3 Nc6 4. d4 cxd4 5. Nxd4 g6 6. e4 Bg7 7. Be3 d6 8. Be2 O-O 9. O-O a6 10. Nc2 Qc7 11. Rc1 Ne5 12. Na3 Neg4 13. Bf4 Be6 14. Qd2 Qc6 15. Nd5 Rfe8 16. f3 Ne5 17. Be3 Ned7 18.
Nc2 Bxd5 19. cxd5 Qc8 20. Qb4 Nc5 21. Na3 b6 22. Nc4 Rb8 23. Qa3 a5 24. b4 axb4 25. Qxb4 Qc7 26. a4 e6 27. dxe6 fxe6 28. Rfd1 d5 29. Nxb6 Rxb6 30. Qxc5 Qxc5 31. Bxc5 Rb2 32. Bb5 Rc8 33. Bd4 Rxc1 34. Rxc1 Rd2 35. Bc3 Ra2 36. e5 Nh5 37. Ra1 Rc2 38. Bd4 Nf4 39. Bf1 Ne2+ 40. Bxe2 Rxe2 41. a5 Rc2 42. a6 Rc8 43. a7 Ra8 44.
Rb1 Bxe5 45. Bxe5 Rxa7 46. h4 Ra2 47. Rb8+ Kf7 48. Rb7+ Kg8 49. Rg7+ Kf8 50. Rxh7 Ke8 51. Rg7 Re2 52. f4 Re4 53. Rxg6 Kf7 54. Rg7+ Ke8 55. h5 d4 56. h6 Re1+ 57. Kh2 d3 58. h7 d2 59.
h8=Q# 1-0

[Event "Early-Titled-Tuesday-Blitz-February-13-2024"]
[Site "Chess.com"]
[Date "2024.02.13"]
[Round "1"]
[White "toog"]
[Black "HelvertHernandez"]
[Result "1-0"]
[WhiteElo "2556"]
[BlackElo "1951"]
[TimeControl "180+1"]
[EndTime "8:08:09 PST"]
[Termination "toog won on time"]

1. d4 Nf6 2. Nf3 g6 3. Bf4 Bg7 4. Nbd2 d6 5. h3 c6 6. e3 Nbd7 7. Be2 O-O 8. O-O Re8 9. Bh2 e5 10. Nc4 exd4 11. exd4 d5 12. Nd6 Re7 13. c4 Ne8 14.
cxd5 cxd5 15. Rc1 Nxd6 16. Bxd6 Re6 17. Bg3 Qe8 18. Bb5 a6 19. Ba4 b5 20. Bb3 Nb6 21.
Ne5 Nc4 22. Qf3 Bb7 23. Bxc4 Bxe5 24. Bxe5 bxc4 25. Rc3 Qe7 26. b3 f6 27. Bg3 Rc8 28.
Qg4 Re4 29. Qd1 cxb3 30. Rxc8+ Bxc8 31. Qxb3 Rxd4 32. Rc1 Be6 33. Qb8+ Kg7 34. Rc7 Bd7 35. Qa7 Rd1+ 36. Kh2 Qe1 37. Rxd7+ Kh6 38. Rxh7+ Kg5 39. Qe3+ Qxe3 40. fxe3 Ra1 41. Rd7 Rxa2 42. Rxd5+ f5 43.
Bf4+ Kf6 44. Rd6+ Kf7 45. Rb6 a5 46. h4 a4 47. Ra6 a3 48. Bd6 Re2 49. Rxa3 Ke6 50.
Bf4 Kd5 51. Ra5+ Ke4 52. Ra4+ Kd5 53. Kg3 Ke6 54. Ra6+ Kf7 55. Bg5 Kg7 56. Ra7+ Kg8 57. Kf3 Re1 58. Kf4 Rf1+ 59. Ke5 Rg1 60. Kf6 Rxg2 61.
Kxg6 Kf8 62. h5 Ke8 63. h6 f4 64. exf4 1-0

[Event "Early-Titled-Tuesday-Blitz-February-13-2024"]
[Site "Chess.com"]
[Date "2024.02.13"]
[Round "1"]
[White "PLAYER_2006_M"]
[Black "SharapovEvgeny"]
[Result "1-0"]
[WhiteElo "3001"]
[BlackElo "2534"]
[TimeControl "180+1"]
[EndTime "8:08:10 PST"]
[Termination "PLAYER_2006_M won by resignation"]

1. e4 c5 2. Nf3 d6 3. d4 cxd4 4.
Nxd4 Nf6 5. Nc3 Nc6 6. Bg5 e6 7. Qd2 Be7 8. O-O-O O-O 9. f4 Nxd4 10. Qxd4 Qa5 11. Kb1 Rd8 12. Be2 Bd7 13. Bf3 Bc6 14. Rhe1 h6 15. Bh4 Qc5 16. Qxc5 dxc5 17. e5 Nd5 18.
Bxe7 Nxe7 19. Bxc6 Nxc6 20. Ne4 b6 21. c3 Rxd1+ 22.
Rxd1 Rd8 23. Rxd8+ Nxd8 24. Kc2 Kf8 25. Kd3 Ke7 26. b4 cxb4 27. cxb4 f6 28. exf6+ gxf6 29. Kc4 f5 30. Nc3 Kd7 31. a4 a6 32. Ne2 Nb7 33.
Kd4 Kd6 34. g3 a5 35. Kc4 axb4 36. Kxb4 Kc6 37. Nd4+ Kd5 38. Nb3 Nd6 39. Nd2 Kd4 40. Nf3+ Ke3 41. Ne5 Kf2 42. Nd7 Nc8 43. Kb5 Kg2 44.
Nxb6 Na7+ 45. Ka6 Nc6 46. Nd7 Kxh2 47. Kb6 Nb4 48. a5 Kxg3 49. Nf6 Kxf4 50. Kb5 Nc2 51. a6 Nd4+ 52. Kb6 Ke5 53. Nh5 Kd6 54. a7 Nc6 55. a8=Q 1-0

[Event "Early-Titled-Tuesday-Blitz-February-13-2024"]
[Site "Chess.com"]
[Date "2024.02.13"]
[Round "1"]
[White "MarcoRiehle"]
[Black "AttilaTurzo"]
[Result "1-0"]
[WhiteElo "2865"]
[BlackElo "2482"]
[TimeControl "180+1"]
[EndTime "8:08:10 PST"]
[Termination "MarcoRiehle won by resignation"]

1. e4 c5 2. a3 d6 3. b4 Nf6 4. Nc3 Nc6 5. b5 Nd4 6. Nf3 Bg4 7.
Be2 Nxe2 8. Qxe2 e6 9. h3 Bxf3 10. Qxf3 Qc7 11. Bb2 Be7 12. O-O O-O 13. d3 Nd7 14. Ne2 Bf6 15. Bxf6 Nxf6 16. c4 a6 17. Nc3 axb5 18. Nxb5 Qc6 19. a4 Nd7 20. Qg3 Ra6 21. f4 f5 22. Rfe1 fxe4 23. Rxe4 Rf6 24. Rae1 Nf8 25. Ra1 d5 26. cxd5 exd5 27. Re7 Rf7 28.
Rxf7 Kxf7 29. Qg5 Kg8 30. Kh2 Qd7 31. Re1 Re6 32. Re5 Rxe5 33. Qxe5 c4 34. Nd6 Qe6 35. dxc4 dxc4 36. Qd4 c3 37. Nxb7 c2 38. Qc3 Qe4 39. Kg3 Qxb7 40. Qxc2 Qb4 41. Qa2+ Kh8 42. a5 Qb7 43. a6 Qa7 44. Qa3 Kg8 45. Qb3+ Kh8 46. Qa3 Nd7 47. Qe7 h6 48. Qe8+ Kh7 49. Qe4+ Kg8 50.
Qe6+ Kf8 51. Kh2 Nb8 52. Qd6+ Kg8 53. Qd5+ Kh8 54. Qb7 Qxb7 55. axb7 Kg8 56. g4 Kf7 57. Kg3 Ke7 58. f5 Kd7 59. h4 Kc7 60. g5 hxg5 61. h5 Kxb7 62. f6 gxf6 63. h6 Nc6 64. h7 Ne7 65. h8=Q Nf5+ 66. Kg4 Ne3+ 67. Kf3 Nd5 68. Ke4 Nc7 69. Qxf6 g4 70. Qg7 Kc6 71. Qxg4 Nd5 72. Qe6+ 1-0

[Event "Early-Titled-Tuesday-Blitz-February-13-2024"]
[Site "Chess.com"]
[Date "2024.02.13"]
[Round "1"]
[White "SashaKuzhilniy"]
[Black "JaackCamel"]
[Result "1-0"]
[WhiteElo "2601"]
[BlackElo "2214"]
[TimeControl "180+1"]
[EndTime "8:08:10 PST"]
[Termination "SashaKuzhilniy won by resignation"]

1. d4 d5 2. Nf3 e6 3. Bf4 Nf6 4. e3 Bd6 5. c3 O-O 6. Nbd2 b6 7. h4 Bb7 8. h5 h6 9. Bd3 Nc6 10.
Ne5 Ne7 11. Qf3 c5 12. g4 Ne4 13. Nxe4 dxe4 14. Bxe4 Bxe4 15. Qxe4 cxd4 16. exd4 Bxe5 17. Bxe5 Nd5 18. Bg3 Rc8 19. O-O b5 20. Rac1 a6 21. Rfe1 Rc4 22. Kg2 Qd7 23. Qf3 Rfc8 24. Bf4 Qc6 25. Bd2 Qc7 26. g5 hxg5 27. Bxg5 Ne7 28. Bxe7 Qxe7 29. a3 a5 30. Re5 b4 31. axb4 axb4 32.
Re3 Qg5+ 33. Kh3 Qh6 34. Rg1 Kh8 35. Rg3 bxc3 36. bxc3 Ra4 37. Qxf7 Ra5 38. Re5 Rxe5 39. dxe5 Rg8 40. Qg6 Rc8 41. Qxh6+ gxh6 42. f4 Rc4 43.
Kg4 Kh7 44. Rd3 Rc7 45. Rd6 Rxc3 46. Rxe6 Rc7 47. Rf6 Kg7 48. Rg6+ Kf7 49. e6+ Ke7 50. Rg7+ 1-0

[Event "Early-Titled-Tuesday-Blitz-February-13-2024"]
[Site "Chess.com"]
[Date "2024.02.13"]
[Round "1"]
[White "regenda"]
[Black "xberli"]
[Result "1/2-1/2"]
[WhiteElo "2116"]
[BlackElo "2562"]
[TimeControl "180+1"]
[EndTime "8:08:10 PST"]
[Termination "Game drawn by repetition"]

1. e4 c5 2. Be2 d6 3. c3 Nf6 4.
d3 g6 5. f4 Bg7 6. Nf3 O-O 7.
O-O Nc6 8. Kh1 e5 9. Qe1 Re8 10. Qh4 Nh5 11. Qxd8 Rxd8 12. fxe5 dxe5 13. Na3 h6 14.
Be3 b6 15. Nc4 Be6 16. Nfd2 Nf6 17. h3 Rac8 18. a4 Ne8 19. Na3 Nd6 20. Nb5 a6 21.
Nxd6 Rxd6 22. Nc4 Bxc4 23. dxc4 Rcd8 24. Rad1 Rxd1 25. Rxd1 Rxd1+ 26. Bxd1 Kf8 27. Kg1 Ke7 28. g4 Kd6 29. Kf2 Nd8 30. g5 hxg5 31. Bxg5 Ne6 32. Be3 Bf6 33. Bg4 Bh4+ 34. Kf3 Nd8 35. a5 bxa5 36.
Bc8 a4 37. Bxa6 a3 38. bxa3 Be1 39. Ke2 Bxc3 40. Kd3 Bb2 41. a4 Nc6 42. Bb5 Nb4+ 43. Ke2 Bd4 44. a5 Bxe3 45. Kxe3 Nc6 46. a6 Na7 47. Kd3 f6 48. Be8 g5 49. Kc3 Kc7 50. Bb5 Kb6 51. Kd3 Nc8 52. Ke3 Nd6 53. Kf3 Ka7 54. Ke3 Nc8 55. Kf3 Nd6 56. Ke3 Kb6 57.
Kd3 Nf7 58. Ke3 Nh6 59. Kf3 Ka7 60. Kg3 Kb6 61. Kf3 Ka7 62. Ke3 Nf7 63. Kf3 Nh6 1/2-1/2

[Event "Early-Titled-Tuesday-Blitz-February-13-2024"]
[Site "Chess.com"]
[Date "2024.02.13"]
[Round "1"]
[White "Goryachkina"]
[Black "NastyaHn"]
[Result "1-0"]
[WhiteElo "2695"]
[BlackElo "2363"]
[TimeControl "180+1"]
[EndTime "8:08:12 PST"]
[Termination "Goryachkina won on time"]

1. e4 e6 2. d4 d5 3. Nd2 c5 4. exd5 Qxd5 5. Ngf3 cxd4 6. Bc4 Qd7 7. O-O Nc6 8. Nb3 a6 9. a4 Nf6 10. Qe2 Be7 11.
Rd1 O-O 12. Nbxd4 Nxd4 13. Rxd4 Qc7 14. Bf4 Qb6 15. Rad1 Qxb2 16. Be5 Qb6 17. Bd3 h6 18.
h4 Rd8 19. g4 Nd7 20. Bg3 Nc5 21. Rxd8+ Bxd8 22. g5 hxg5 23. hxg5 g6 24. Ne5 Nxd3 25. Rxd3 Bxg5 26. Qf3 f5 27. Nc4 Qc6 28. Qxc6 bxc6 29. Nb6 Ra7 30. Nxc8 Rb7 31. f4 Bf6 32. Rd6 Kf7 33.
Rxc6 Rb1+ 34. Kg2 Rd1 35. Nd6+ Ke7 36. Nc4 Kd7 37. Rxa6 Rc1 38. Ne3 Bd4 39. Kf3 Rg1 40.
Bf2 Ra1 41. Ra5 Ke7 42. Ra8 Bxe3 43. Bxe3 Ra2 44. c4 Ra3 45. c5 Kd7 46. a5 Kc6 47. a6 Ra4 48. a7 Kc7 49. Re8 1-0